 Dungeon Crawl Stone Soup version 0.25.1-2-g60ff931df9 (webtiles) character file.

Game seed: 5120378858317906328

155 Mrkan the Skirmisher (level 5, -3/33 HPs)
             Began as a Gargoyle Fighter on Nov 10, 2020.
             Was an Initiate of Wu Jian.
             Killed by divine providence
             ... invoked by an orc priest
              (14 damage)
             ... on level 4 of the Dungeon.
             The game lasted 00:04:27 (2725 turns).

Mrkan the Skirmisher (Gargoyle Fighter)             Turns: 2725, Time: 00:04:28

Health: -3/33      AC: 17    Str: 21    XL:     5   Next: 37%
Magic:  5/5        EV:  5    Int:  8    God:    Wu Jian [......]
Gold:   99         SH:  9    Dex:  9    Spells: 4/4 levels left

rFire    . . .     SeeInvis .   a - +0 flail
rCold    . . .     Gourm    .   c - +0 kite shield
rNeg     + . .     Faith    .   g - +0 chain mail
rPois    ∞         Spirit   .   (no helmet)
rElec    +         Reflect  .   (no cloak)
rCorr    .         Harm     .   o - +0 pair of gloves
MR       .....                  n - +2 pair of boots
Stlth    ..........             (no amulet)
HPRegen  0.11/turn              (no ring)
MPRegen  0.09/turn              (no ring)

@: no status effects
A: negative energy resistance 1, electricity resistance, unbreathing,
petrification resistance, rot immunity, AC +4
a: Renounce Religion


You were on level 4 of the Dungeon.
You worshipped Wu Jian.
Wu Jian was noncommittal.
You were not hungry.

You visited 1 branch of the dungeon, and saw 4 of its levels.

You collected 99 gold pieces.

Inventory:

Hand Weapons
 a - a +0 flail (weapon)
Armour
 c - a +0 kite shield (worn)
 g - a +0 chain mail (worn)
 n - a +2 pair of boots (worn)
 o - a +0 pair of gloves (worn)
Scrolls
 e - a scroll of amnesia {unknown}
 h - 2 scrolls of enchant armour {unknown}
 j - 2 scrolls of identify
 k - 4 scrolls of teleportation
 p - a scroll of remove curse
 r - a scroll of noise {unknown}
 t - a scroll of blinking {unknown}
Potions
 d - 3 potions of might
 i - a potion of brilliance {unknown}
 l - 2 potions of cancellation
 m - a potion of stabbing {unknown}
Comestibles
 f - 6 rations


   Skills:
 + Level 4.1 Fighting
 * Level 3.7 Maces & Flails
 + Level 4.0 Armour
 + Level 4.1 Shields


You had 4 spell levels left.
You didn't know any spells.
Your spell library was empty.

Dungeon Overview and Level Annotations

Branches:
Dungeon (4/15)
 Temple: D:4-7

Altars:
Wu Jian


Innate Abilities, Weirdness & Mutations

You are resistant to torment.
Your stone body is resilient. (AC +4)
You are immune to poison.
You resist negative energy. (rN+)
You are resistant to electric shocks. (rElec)
You can survive without breathing.
You are immune to petrification.
You are immune to rotting.


Message History

Your chain mail prevents you from hitting the orc.
You block the orc's attack.
Your shield prevents you from hitting the orc.
The orc hits you but does no damage.
Your shield and chain mail prevent you from hitting the orc.
The orc barely misses you. x2
You thump the orc!
You kill the orc!
The Council accepts your kill. The orc priest barely misses you.
You sock the orc priest!
The orc priest is almost dead.
An orc comes into view. It is wielding a +0 short sword.
The orc priest invokes the aid of Beogh against you.
Beogh smites you!
You barely miss the orc priest.
The orc priest is almost dead.
The orc priest calls down the wrath of Beogh upon you.
Beogh smites you!
You die...

.....
#.#.#.#### .#
.. #.#......#
........#.##.#
.###.....#.##.#
.....#.#.##.#
########.##.#
......#.##.#
#..........#
.###.#@#### #o#
#oo.o.o#
######.#


You could see an orc priest and 2 orcs.

Vanquished Creatures
  A hound (D:3)
  4 adders
  An ooze (D:1)
  A worm (D:3)
  2 dart slugs (D:1)
  3 leopard geckos
  5 orcs
  10 bats
  3 giant cockroaches
  6 goblins
  9 hobgoblins
  3 jackals (D:2)
  2 quokkas (D:2)
  3 ball pythons
  5 frilled lizards
  3 kobolds
  9 rats
70 creatures vanquished.

Notes
Turn   | Place    | Note
-------+----------+-------------------------------------------
     0 | D:1      | Mrkan the Gargoyle Fighter began the quest for the Orb.
     0 | D:1      | Reached XP level 1. HP: 14/14 MP: 1/1
    49 | D:1      | Reached XP level 2. HP: 11/19 MP: 2/2
   439 | D:1      | Reached XP level 3. HP: 14/23 MP: 3/3
  1464 | D:2      | Reached XP level 4. HP: 29/29 MP: 4/4
  1830 | D:3      | Found an ornate altar of the Wu Jian Council.
  1836 | D:3      | Became a worshipper of the Wu Jian Council
  2215 | D:3      | Reached XP level 5. HP: 33/33 MP: 5/5
  2725 | D:4      | Killed from afar by an orc priest

Illustrated notes

Levels and vault maps discovered:
D:1:      ebering_hopf_link, layout_rooms, minmay_tetromino_s2
D:2:      cheibrodos_helix_gallery, layout_rooms, first_ration
D:3:      layout_loops_ring, lemuel_crystal_altar, minmay_misc_feat_rugged,
          serial_bayou_ford_a
D:4:      minmay_polygon_palace, layout_basic, temple_doors_ab, uniq_menkaure

Skill      XL: |  1  2  3  4 |
---------------+-------------+-----
Maces & Flails | 3 |  3.7
Fighting       | 4 |  4.1
Armour         | 4 |  4.0
Shields        | 4 |  4.1

Action                   |  1- 3 |  4- 6 || total
-------------------------+-------+-------++-------
Melee: Flail             |   203 |   164 ||   367
Invok: Lunge             |       |     9 ||     9
  Use: Scroll            |       |     3 ||     3
  Eat: Chunk             |     2 |     5 ||     7
Armor: Scale mail        |    86 |       ||    86
       Chain mail        |   106 |   116 ||   222
Dodge: Dodged            |    78 |    51 ||   129
Block: Kite shield       |   182 |    91 ||   273
